 Dungeon Crawl Stone Soup version 0.25.1-2-g60ff931df9 (webtiles) character file.

Game seed: 18432065492533187433

11 DogServant the Ruffian (level 2, 0/21 HPs)
             Began as a Formicid Transmuter on Oct 18, 2020.
             Slain by a kobold (1 damage)
             ... on level 1 of the Dungeon.
             The game lasted 00:00:41 (249 turns).

DogServant the Ruffian (Formicid Transmuter)         Turns: 249, Time: 00:00:42

Health: 0/21       AC:  2    Str: 14    XL:     2   Next: 40%
Magic:  5/5        EV: 12    Int: 12    God:
Gold:   20         SH:  0    Dex: 11    Spells: 4/5 levels left

rFire    . . .     SeeInvis +     - Unarmed
rCold    . . .     Gourm    .   (no shield)
rNeg     . . .     Faith    .   b - +0 robe
rPois    .         Spirit   .   (helmet unavailable)
rElec    .         Reflect  .   (no cloak)
rCorr    .         Harm     .   (no gloves)
MR       .....                  (no boots)
Stlth    +.........             (no amulet)
HPRegen  0.07/turn              (no ring)
MPRegen  0.09/turn              (no ring)

@: no status effects
A: permanent stasis, dig shafts and tunnels, four strong arms, antennae 3
a: Dig, Shaft Self


You were on level 1 of the Dungeon.
You were not hungry.

You visited 1 branch of the dungeon, and saw 1 of its levels.

You collected 20 gold pieces.

Inventory:

Missiles
 a - 12 arrows
 c - a throwing net (quivered)
Armour
 b - a +0 robe (worn)
Comestibles
 d - 3 rations
 f - 2 chunks of flesh


   Skills:
 - Level 1.1 Fighting
 - Level 1.7 Dodging
 + Level 3.3 Unarmed Combat
 - Level 2.1 Spellcasting
 + Level 2.7 Transmutations


You had 4 spell levels left.
You knew the following spells:

 Your Spells              Type           Power        Failure   Level  Hunger
a - Beastly Appendage     Tmut           #.....       9%          1    ##.....

Your spell library contained the following spells:

 Spells                   Type           Power        Failure   Level  Hunger
 Sticks to Snakes         Tmut           #.......     13%         2    ###....
 Spider Form              Tmut/Pois      #.........   41%         3    ####...
 Ice Form                 Ice/Tmut       #.......     83%         4    #####..
 Blade Hands              Tmut           #.........   94%         5    ######.


Dungeon Overview and Level Annotations

Branches:
Dungeon (1/15)

Altars:


Innate Abilities, Weirdness & Mutations

You cannot be hasted, slowed, berserked, paralysed or teleported.
You can dig through walls and to a lower floor.
Your four strong arms can wield two-handed weapons with a shield.
You have a pair of large antennae on your head. (SInv)


Message History

The leopard gecko bites you. The kobold hits you.
The goblin hits you with a +0 club.
* * * LOW HITPOINT WARNING * * *
You aren't carrying any potions.
As you read the scroll labeled XALONI QETZIO, it crumbles to dust.
The creatures around you are filled with an inner flame!
It was a scroll of immolation.
The leopard gecko misses you. The kobold completely misses you.
The goblin barely misses you.
As you read the scroll labeled TIRUAPHOOLY, it crumbles to dust.
You feel blessed for a moment.
It was a scroll of remove curse.
The leopard gecko bites you.
* * * LOW HITPOINT WARNING * * *
The kobold hits you.
* * * LOW HITPOINT WARNING * * *
The goblin hits you with a +0 club.
* * * LOW HITPOINT WARNING * * *
You closely miss the goblin.
The goblin is severely wounded.
The leopard gecko barely misses you. The kobold hits you.
You die...

. ###.### {
#.....###
###!#.....# {#
.....#.#.##.#
#.#.......
#..($†#)# #.K†..#
#@#.### {
####gl..####.#
#.$....#......#
#...##....####.#
..........####.#.#
# ..####.........#
#.#.............##
# #.####.####.....
#.# #.##.#


You could see a leopard gecko (inner flame), a goblin (inner flame) and a kobold
(inner flame).

Vanquished Creatures
  A dart slug (D:1)
  A bat (D:1)
  A giant cockroach (D:1)
  A goblin (D:1)
  2 jackals (D:1)
  A kobold (D:1)
  A rat (D:1)
8 creatures vanquished.

Notes
Turn   | Place    | Note
-------+----------+-------------------------------------------
     0 | D:1      | DogServant the Formicid Transmuter began the quest for the
                  | Orb.
     0 | D:1      | Reached XP level 1. HP: 15/15 MP: 3/3
   112 | D:1      | Reached XP level 2. HP: 13/21 MP: 5/5
   248 | D:1      | HP: 1/21 [goblin/+0 club (1)]
   249 | D:1      | Slain by a kobold

Illustrated notes

Levels and vault maps discovered:
D:1:      scummos_arrival_checkerplants, layout_loops_ring

Action                   || total
-------------------------++-------
Melee: Unarmed           ||    38
       Kick              ||     6
       Punch             ||     1
 Cast: Beastly Appendage ||     4
  Use: Scroll            ||     2
Armor: Robe              ||     6
Dodge: Dodged            ||    34
